Map: Amygdala

Players

Mario

  • Race: Terran Terran
  • League: Silver
  • Spawn Location: 7:00

WeAreLegion - Winner!

  • Race: Terran Terran
  • League: Silver
  • Spawn Location: 1:00

VOD

Have the link to the VOD?

Description

Time

  • Played on: Dec. 2, 2024, 10:04 p.m.
  • Length: 11:30
Show
View Real Time Build Order
Export as new Build Order

Mario Terran 

Build Orders: Mech 

Get SALT Encoding   

  12  0:02  SCV  
  13  0:16  Supply Depot  
  13  0:18  SCV  
  14  0:30  SCV  
  15  0:39  Supply Depot  
  15  0:42  SCV  
  16  0:54  SCV  
  17  1:02  Supply Depot  
  17  1:06  SCV  
  18  1:12  Barracks  
  18  1:18  SCV  
  19  1:19  Barracks  
  19  1:30  SCV  
  20  1:33  Barracks  
  20  1:43  SCV  
  20  1:47  Refinery  
  21  1:49  Refinery  
  21  1:55  SCV  
  22  2:04  Marine  
  22  2:07  Marine  
  24  2:16  Orbital Command  
  24  2:21  Marine  
  24  2:22  Marine  
  26  2:24  Marine  
  27  2:39  Marine  
  27  2:40  Marine  
  27  2:42  Marine  
  30  2:57  Marine  
  30  2:58  Marine  
  32  3:00  Supply Depot  
  32  3:08  Supply Depot  
  32  3:19  Factory  
  32  3:31  Factory  
  32  3:39  Factory  
  32  3:47  Barracks Reactor  
  32  3:48  Barracks Tech Lab x2  
  32  4:05  SCV  
  33  4:17  Command Center  
  33  4:18  SCV  
  33  4:19  Factory Tech Lab x2  
  34  4:24  Marine  
  34  4:25  Marine x3  
  34  4:28  Factory Tech Lab  
  34  4:30  SCV  
  39  4:39  Combat Shield  
  39  4:41  Stimpack  
  39  4:42  SCV  
  40  4:54  SCV  
  40  4:55  Siege Tank  
  44  5:00  Marine  
  44  5:01  Marine x3  
  48  5:17  Siege Tank  
  48  5:18  Marine  
  48  5:20  Marine  
  48  5:21  Marine x2  
  55  5:36  Marine  
  55  5:38  Marine  
  57  5:47  Siege Tank  
  57  5:48  Orbital Command  
  60  5:58  Concussive Shells  
  57  6:21  Refinery  
  57  6:22  Orbital Command  
  54  6:29  Siege Tank x2  
  56  6:58  Cyclone  
  59  7:12  Cyclone  
  59  7:13  Marine  
  63  7:18  SCV  
  64  7:23  SCV  
  65  7:30  SCV  
  65  7:31  Refinery  
  65  7:35  SCV  
  67  7:42  SCV  
  68  7:47  SCV  
  69  7:51  Marine  
  70  8:01  Marine  
  70  8:03  SCV  
  70  8:04  SCV  
  70  8:05  Marine  
  70  8:07  Marine  
  70  8:10  Marine  
  69  8:15  SCV  
  70  8:24  Supply Depot  
  70  8:28  Supply Depot  
  70  8:33  Supply Depot  
  70  8:35  Supply Depot  
  70  8:37  Mag-Field Accelerator  
  70  8:46  SCV, Marine x4, Cyclone  
  78  8:50  SCV, Cyclone x2  
  85  8:58  SCV  
  85  9:02  SCV  
  87  9:03  Marine x4  
  91  9:10  SCV  
  91  9:14  SCV  
  93  9:18  Cyclone  
  93  9:21  Marine x4  
  100  9:39  Marine x2  
  102  10:02  Cyclone x2, Marine x2  
  101  10:19  Marine  
  102  10:29  Marine x3  
  102  10:30  Cyclone  
  102  10:34  Siege Tank, Cyclone  
  99  10:37  Marine  
  90  10:47  Marine x3  
  73  10:55  Marine  
  67  11:05  Marine x3  
Show
View Real Time Build Order
Export as new Build Order

WeAreLegion Terran - Winner!

Build Orders:  

Get SALT Encoding   

  12  0:00  SCV  
  13  0:12  SCV  
  14  0:18  Supply Depot  
  14  0:25  SCV  
  15  0:40  SCV  
  15  0:41  Barracks  
  16  0:46  Refinery  
  16  0:52  SCV  
  18  1:04  SCV  
  18  1:16  SCV  
  19  1:24  Refinery  
  19  1:30  Orbital Command  
  19  1:31  Reaper  
  20  1:48  Supply Depot  
  20  1:55  Bunker  
  20  2:08  Factory  
  20  2:12  Barracks  
  20  2:13  SCV  
  21  2:17  Marine  
  22  2:25  SCV  
  23  2:37  Marine  
  24  2:47  SCV  
  24  2:51  Supply Depot  
  25  2:53  Factory Tech Lab  
  25  2:55  Marine  
  26  2:59  SCV  
  26  3:04  Marine  
  28  3:11  SCV  
  29  3:13  Marine  
  29  3:15  Siege Tank  
  33  3:22  Marine  
  33  3:23  SCV  
  35  3:31  Marine  
  36  3:38  SCV  
  36  3:40  Command Center  
  37  3:49  Starport  
  37  3:57  SCV  
  37  3:59  Engineering Bay  
  38  4:05  Barracks Reactor  
  38  4:07  Barracks Tech Lab  
  38  4:09  SCV  
  39  4:13  Supply Depot, Widow Mine  
  41  4:21  SCV  
  42  4:31  Marine  
  42  4:33  SCV  
  42  4:35  Widow Mine  
  46  4:40  Stimpack  
  46  4:45  SCV, Medivac  
  47  4:49  Marine  
  50  4:56  Supply Depot  
  50  5:03  Barracks  
  50  5:07  Marine  
  51  5:14  Terran Infantry Weapons Level 1  
  51  5:22  Barracks  
  51  5:24  Marine  
  51  5:28  Marine x2  
  54  5:29  SCV  
  55  5:42  Orbital Command, Marine  
  54  5:45  Marine  
  56  6:08  Marine x3  
  56  6:10  Liberator  
  62  6:13  Marine  
  62  6:14  Marine  
  64  6:24  Siege Tank  
  67  6:26  SCV, Marine x2, Marauder  
  67  6:29  SCV  
  67  6:31  Marine  
  67  6:32  Marine  
  75  6:43  Marine x2  
  73  6:48  Marauder  
  73  6:49  Marine  
  71  7:02  SCV  
  71  7:03  SCV  
  71  7:04  Marine x2  
  71  7:05  Medivac  
  71  7:08  Barracks Reactor  
  77  7:11  Combat Shield, Barracks Reactor  
  77  7:14  SCV  
  78  7:18  Barracks x2  
  78  7:19  Supply Depot  
  78  7:20  SCV  
  78  7:21  Marauder  
  78  7:22  Marine x2  
  82  7:24  Supply Depot  
  82  7:27  SCV  
  84  7:33  SCV  
  85  7:39  SCV  
  85  7:40  Marine  
  85  7:41  Medivac  
  85  7:42  Marine  
  90  7:45  SCV  
  90  7:47  Supply Depot  
  90  7:50  Supply Depot  
  90  7:51  SCV  
  89  7:59  SCV  
  89  8:00  Marine x3  
  89  8:01  Marine x3  
  89  8:03  SCV  
  89  8:04  Marauder  
  99  8:10  Marine, Viking  
  99  8:11  SCV  
  103  8:13  Supply Depot  
  103  8:15  SCV  
  103  8:16  Supply Depot  
  101  8:23  SCV  
  101  8:25  Marauder  
  104  8:27  SCV  
  104  8:31  Refinery  
  104  8:32  Refinery  
  105  8:35  SCV  
  105  8:38  Missile Turret  
  105  8:39  SCV, Missile Turret  
  107  8:46  Siege Tank  
  107  8:47  SCV  
  111  8:50  Supply Depot  
  111  8:51  Supply Depot, Missile Turret  
  111  8:55  Concussive Shells  
  111  9:01  Barracks Tech Lab, Barracks Reactor  
  111  9:06  Starport Reactor  
  111  9:09  Terran Infantry Armor Level 1  
  111  9:12  Missile Turret  
  111  9:14  Supply Depot x2  
  111  9:18  Siege Tank  
  114  9:26  Command Center  
  114  9:29  Command Center  
  82  10:51  Marine x3  
  82  10:52  Marine x3, Marauder x2  
  82  10:53  Marine  
  97  10:58  Marine  
  98  11:09  Marine x2  
Tags
 
Composition
Mech
Matchup
TvT
Race
Terran
Replay Pack
December
Spawn Locations
Cross Positions
Add a new tag
Caveats
  • Supply blocks, unpowered buildings, or Contaminate may cause inaccurate times.
  • Supply counts are checked every 10 seconds.